 Dungeon Crawl Stone Soup version 0.30-a0-772-g5528072125 (webtiles) character file.

Game seed: 13536922146644996023

74 funkygono the Firebug (level 4, -3/24 HPs)
             Began as a Gargoyle Fire Elementalist on Feb 12, 2023.
             Slain by an orc warrior
             ... wielding a +0 dire flail
              (10 damage)
             ... on level 3 of the Dungeon.
             The game lasted 00:03:12 (2508 turns).

funkygono the Firebug (Gargoyle Fire Elementalist)  Turns: 2508, Time: 00:03:13

Health: -3/24      AC:  8    Str: 12    XL:     4   Next: 30%
Magic:  8/8        EV: 12    Int: 17    God:
Gold:   156        SH:  0    Dex: 10    Spells: 2/8 levels left

rFire   . . .      SeeInvis .    c - staff of poison
rCold   . . .      Faith    .    (no shield)
rNeg    + . .      Spirit   .    a - +0 robe
rPois   ∞          Reflect  .    (no helmet)
rElec   +          Harm     .    (no cloak)
rCorr   .          Rampage  .    j - +2 pair of gloves
Will    .....                    (no boots)
Stlth   ++                       (no amulet)
HPRegen 0.24/turn                (no ring)
MPRegen 0.11/turn                (no ring)

@: no status effects
A: sickness immunity, AC +3, negative energy resistance 1, electricity
resistance, torment resistance 1, petrification resistance
a: no special abilities


You were on level 3 of the Dungeon.
You visited 1 branch of the dungeon, and saw 3 of its levels.

You collected 156 gold pieces.

Inventory:

Armour
 a - a +0 robe (worn)
 j - a +2 pair of gloves (worn)
Magical Staves
 c - a staff of poison (weapon)
Jewellery
 q - a ring of wizardry
Wands
 m - a wand of polymorph (10)
Scrolls
 d - 4 scrolls of identify {unknown}
 f - 2 scrolls of magic mapping {unknown}
 h - a scroll of blinking {unknown}
 p - a scroll of poison {unknown}
Potions
 b - a potion of magic
 e - a potion of degeneration {unknown}
 g - a potion of berserk rage {unknown}
 i - a potion of mutation {unknown}
 k - a potion of might {unknown}
 l - a potion of resistance {unknown}
 n - a potion of flight {unknown}
 o - 2 potions of lignification {unknown}


   Skills:
 + Level 1.9 Dodging
 - Level 2.1 Stealth
 + Level 2.9 Spellcasting
 + Level 2.2 Conjurations
 + Level 3.7 Fire Magic


You had 2 spell levels left.
You knew the following spells:

 Your Spells              Type           Power      Damage    Failure   Level
a - Foxfire               Conj/Fire      48%        2x1d6     5%          1
b - Scorch                Fire           30%        2d7       6%          2
c - Kindle Blastsparks    Fire/Tloc/Air  12%        2d11      32%         3

Your spell library contained the following spells:

 Spells                   Type           Power      Damage    Failure   Level
 Inner Flame              Hex/Fire       8%         N/A       24%         3
 Flame Wave               Conj/Fire      12%        2d6       45%         4


Dungeon Overview and Level Annotations

Branches:
Dungeon (3/15)

Altars:


Innate Abilities, Weirdness & Mutations

You are immune to sickness and miasma.
Your stone body is resilient. (AC +3)
You are immune to poison.
You resist negative energy. (rN+)
You are resistant to electric shocks. (rElec)
You are resistant to unholy torment.
You are immune to petrification.


Message History

You don't have enough magic to cast this spell.
There is a stone staircase leading up here.
You climb upwards.
There is a stone staircase leading down here.
Unknown command.
Magic restored.
HP restored.
Done exploring.
You climb downwards.
The hobgoblin closely misses you.
There is a stone staircase leading up here.
Casting: Foxfire (safe; 5% risk of failure)
Confirm with . or Enter, or press ? or * to list all spells.
You conjure some foxfire!
The hobgoblin barely misses you.
Casting: Foxfire (safe; 5% risk of failure)
Confirm with . or Enter, or press ? or * to list all spells.
Flames lash the hobgoblin.
The hobgoblin is severely wounded.
The hobgoblin's fire resistance burns away.
The hobgoblin misses you.
Unknown command.
Casting: Scorch (safe; 6% risk of failure)
Confirm with . or Enter, or press ? or * to list all spells.
Flames lash the hobgoblin.
The hobgoblin is burned terribly!
You kill the hobgoblin!
Unknown command.
You climb upwards.
Your summoned ally is left behind.
There is a stone staircase leading down here.
Unknown command.
Magic restored.
Done exploring.
You climb downwards.
There is a stone staircase leading up here.
Unknown command.
The orc warrior shouts!
The orc warrior shoots a bolt.
The bolt hits you!!
Ouch! That really hurt!
* * * LOW HITPOINT WARNING * * *
The orc warrior unwields a +0 arbalest.
The orc warrior wields a +0 dire flail.
The orc warrior hits you with a +0 dire flail!
You die...

#.# #.# #+# #.# #.# #.#
#.# #.# ##.## #o#
######...## #.#
#.........# #.#
#.###.@o.########.#
#.######.# #.#...........#
#....†<..###.#############
########.....# #######


You could see an orc warrior.

Vanquished Creatures
  An adder (D:2)
  2 worms (D:2)
  3 dart slugs
  3 orcs (D:3)
  5 ball pythons
  8 bats
  4 endoplasms
  4 goblins
  4 hobgoblins
  2 quokkas
  4 frilled lizards
  5 kobolds
  2 rats (D:2)
47 creatures vanquished.

Vanquished Creatures (others)
  136 foxfires
  A fungus (D:3)
  4 toadstools (D:3)
141 creatures vanquished.

Grand Total: 188 creatures vanquished

Notes
Turn   | Place    | Note
-------+----------+-------------------------------------------
     0 | D:1      | funkygono the Gargoyle Fire Elementalist began the quest
                  | for the Orb.
     0 | D:1      | Reached XP level 1. HP: 10/10 MP: 3/3
   242 | D:1      | Reached XP level 2. HP: 15/15 MP: 1/5
   291 | D:1      | Learned a level 2 spell: Scorch
  1179 | D:2      | Reached XP level 3. HP: 19/19 MP: 4/6
  1185 | D:2      | Learned a level 3 spell: Kindle Blastsparks
  2054 | D:2      | Reached XP level 4. HP: 24/24 MP: 4/8
  2349 | D:3      | Noticed an orc warrior
  2508 | D:3      | Slain by an orc warrior

Illustrated notes

Levels and vault maps discovered:
D:1:      dpeg_arrival_central, layout_loops_ring,
          chequers_serial_rivers_micro_d
D:2:      minmay_recursive_quarters, layout_basic,
          chequers_hall_statues_corner_a, kennysheep_flooded_box,
          minmay_fractal_squares_gapless_5
D:3:      layout_loops_corners, minmay_gold_behind_fungi, minmay_distorted

Skill      XL: |  1  2  3  4 |
---------------+-------------+-----
Conjurations   | 2 |  2.2
Dodging        | |  1.9
Stealth        | |  2.1
Spellcasting   | |  2.9
Fire Magic     | |  3.7

Action                     |  1- 3 |  4- 6 || total
---------------------------+-------+-------++-------
  Melee: Staff             |       |     1 ||     1
   Cast: Foxfire           |    64 |    17 ||    81
         Scorch            |     2 |     2 ||     4
 Armour: Robe              |     3 |       ||     3
  Dodge: Dodged            |     6 |     4 ||    10

Table legend: (Time is in decaauts)
 A = Elapsed time spent in this place.
 B = Non-inter-level travel time spent in this place.
 C = Inter-level travel time spent in this place.
 D = Time resting spent in this place.
 E = Time spent auto-exploring this place.
 F = Levels seen in this place.
 G = Mean time per level.
                   A        B        C        D        E       F      G
               +--------+--------+--------+--------+--------+-----+--------+
         Total |   2509 |   2471 |     38 |     72 |   2059 |   3 |  836.3 |
       Dungeon |   2509 |   2471 |     38 |     72 |   2059 |   3 |  836.3 |
               +--------+--------+--------+--------+--------+-----+--------+

Top non-repeatable levels by time:
     D:2: 1290 daAuts
     D:1: 1128 daAuts
     D:3: 89 daAuts
